Map: Ley Lines

Players

SHIN

  • Race: Zerg Zerg
  • Spawn Location: 7:00

Solar - Winner!

  • Race: Zerg Zerg
  • Spawn Location: 1:00

Event: Esports World Cup 2025

VOD

Have the link to the VOD?

Description

Time

  • Played on: July 24, 2025, 5:18 a.m.
  • Length: 12:04

All games in this series

Show
View Real Time Build Order
Export as new Build Order

SHIN Zerg 

Build Orders: Pool First 

Get SALT Encoding   

  12  0:00  Drone  
  13  0:08  Drone  
  14  0:18  Overlord  
  14  0:36  Drone x3  
  17  0:43  Spawning Pool  
  17  0:47  Drone  
  17  0:58  Drone  
  18  1:08  Hatchery  
  17  1:15  Drone  
  18  1:29  Zergling x2  
  18  1:30  Zergling x2, Queen  
  22  1:47  Hatchery  
  22  1:51  Drone  
  22  1:55  Overlord  
  22  2:05  Zergling x2, Extractor  
  22  2:13  Queen  
  22  2:14  Drone  
  26  2:22  Drone  
  26  2:25  Drone  
  27  2:32  Drone  
  27  2:35  Drone  
  29  2:37  Drone x2, Overlord  
  29  2:42  Drone  
  32  2:47  Drone  
  33  2:53  Overlord  
  33  2:58  Drone  
  33  3:02  Drone  
  34  3:06  Drone  
  34  3:08  Drone  
  34  3:10  Evolution Chamber  
  34  3:12  Drone  
  36  3:18  Drone x4  
  39  3:20  Drone  
  39  3:22  Drone  
  39  3:25  Drone  
  42  3:28  Drone x2  
  44  3:34  Lair  
  44  3:36  Drone  
  45  3:41  Roach Warren  
  45  3:43  Drone  
  45  3:48  Drone, Overlord  
  45  3:50  Extractor  
  45  3:51  Extractor  
  45  3:52  Drone  
  45  3:53  Drone  
  46  3:56  Drone  
  46  3:57  Drone  
  46  4:00  Overlord  
  47  4:03  Zerg Missile Weapons Level 1  
  47  4:07  Drone x2  
  47  4:09  Extractor  
  48  4:14  Drone x2  
  48  4:16  Overlord  
  48  4:17  Overlord  
  50  4:21  Roach  
  50  4:22  Roach  
  54  4:28  Roach  
  56  4:39  Spire  
  56  4:41  Roach  
  56  4:44  Overlord  
  57  4:47  Roach x2  
  57  4:48  Roach  
  63  4:53  Roach x2  
  67  5:05  Drone  
  67  5:08  Glial Reconstitution  
  67  5:11  Overlord  
  67  5:14  Overseer  
  67  5:17  Hatchery  
  67  5:21  Overlord  
  66  5:23  Drone x7  
  73  5:51  Mutalisk x4  
  73  5:52  Drone x8  
  73  5:54  Overlord  
  89  5:57  Zerg Missile Weapons Level 2  
  89  6:04  Overlord  
  89  6:07  Roach x2  
  89  6:08  Roach  
  95  6:13  Extractor  
  95  6:15  Extractor, Roach x3  
  99  6:23  Drone  
  99  6:24  Drone x2  
  99  6:25  Drone x3  
  105  6:26  Roach  
  105  6:30  Roach x2  
  111  6:35  Roach x2  
  115  6:42  Queen  
  115  6:44  Drone  
  115  6:45  Drone  
  117  6:47  Roach  
  117  6:51  Drone x3  
  117  6:53  Roach  
  124  6:55  Overlord  
  124  6:58  Overlord  
  124  7:02  Roach x2  
  124  7:06  Overlord  
  124  7:07  Baneling Nest  
  127  7:09  Overlord  
  127  7:13  Overlord x2  
  127  7:14  Drone  
  128  7:16  Roach  
  128  7:21  Drone  
  128  7:22  Roach x2  
  135  7:27  Roach x2  
  139  7:30  Hatchery, Ravager x8  
  139  7:36  Overlord  
  146  7:37  Roach x3  
  158  7:44  Roach x4  
  158  7:46  Overseer  
  158  7:48  Roach  
  158  7:49  Roach  
  164  7:54  Roach x2  
  164  7:55  Infestation Pit  
  167  8:00  Roach x3  
  167  8:04  Roach x3  
  179  8:07  Overlord  
  173  8:15  Roach x3  
  173  8:17  Roach x2  
  166  8:20  Roach x3  
  166  8:21  Roach  
  166  8:23  Roach  
  166  8:24  Overseer, Roach  
  158  8:27  Roach  
  158  8:28  Roach  
  158  8:29  Zergling x2  
  152  8:34  Hive  
  152  8:36  Drone x2  
  152  8:40  Roach  
  152  8:41  Roach x2  
  158  8:48  Roach  
  158  8:49  Roach x3  
  158  8:50  Roach  
  158  8:52  Roach  
  158  8:54  Roach  
  158  8:56  Ravager, Roach  
  158  8:58  Roach  
  158  9:01  Overlord  
  158  9:02  Roach  
  163  9:04  Roach  
  163  9:06  Roach  
  163  9:07  Roach  
  163  9:09  Roach  
  165  9:12  Roach  
  165  9:13  Ravager  
  165  9:14  Roach  
  170  9:17  Roach  
  170  9:18  Roach  
  170  9:20  Roach  
  170  9:21  Roach  
  170  9:23  Roach  
  180  9:25  Roach  
  180  9:27  Roach x2  
  180  9:29  Roach  
  180  9:31  Roach  
  190  9:34  Roach x2  
  194  9:39  Roach x3  
  194  9:45  Ravager, Extractor  
  196  9:47  Roach  
  196  9:48  Overlord  
  196  9:50  Overseer  
  197  9:58  Roach  
  197  10:00  Roach  
  197  10:05  Overlord  
  193  10:08  Pneumatized Carapace  
  193  10:10  Overseer x2  
  193  10:11  Roach x3  
  199  10:16  Roach  
  199  10:21  Drone  
  199  10:25  Roach  
  198  10:29  Drone  
  198  10:30  Hydralisk Den  
  198  10:33  Drone  
  199  10:42  Overseer  
  197  10:43  Drone x2  
  197  10:45  Extractor  
  197  10:48  Drone  
  199  10:55  Roach  
  199  10:56  Roach  
  197  10:57  Roach  
  197  10:59  Roach x4  
  198  11:04  Hatchery  
  198  11:05  Roach  
  198  11:09  Roach  
  198  11:10  Roach x2  
  198  11:13  Roach  
  198  11:14  Roach x2  
  198  11:15  Roach x2  
  198  11:17  Roach x6  
  190  11:18  Roach x2  
  190  11:20  Zergling x2, Roach x5  
  190  11:21  Roach  
  190  11:22  Roach  
  190  11:24  Roach  
  166  11:31  Roach x3  
  166  11:32  Roach x2  
  156  11:35  Ravager x2  
  156  11:36  Roach  
  156  11:37  Roach  
  156  11:39  Roach  
  153  11:41  Roach  
  153  11:43  Roach  
Show
View Real Time Build Order
Export as new Build Order

Solar Zerg - Winner!

Build Orders: Hatch First, Lurkers, Roach Hydra 

Get SALT Encoding   

  12  0:00  Drone  
  13  0:07  Drone  
  13  0:13  Extractor  
  13  0:14  Drone  
  15  0:21  Overlord  
  15  0:41  Drone  
  16  0:45  Hatchery  
  16  0:48  Drone  
  16  0:52  Drone  
  18  0:57  Drone  
  18  1:07  Extractor  
  17  1:11  Spawning Pool  
  17  1:14  Drone  
  17  1:18  Drone  
  18  1:26  Drone  
  19  1:38  Drone  
  20  1:49  Drone  
  21  1:57  Queen  
  21  1:58  Zergling x2, Queen  
  21  1:59  Zergling x2  
  27  2:08  Overlord  
  27  2:10  Drone  
  27  2:11  Metabolic Boost  
  28  2:27  Zergling x2, Drone  
  30  2:30  Zergling x2  
  30  2:34  Drone  
  30  2:35  Queen  
  34  2:40  Overlord  
  35  2:44  Drone  
  35  2:52  Zergling x2  
  36  3:00  Zergling x2  
  36  3:02  Drone  
  36  3:03  Hatchery  
  36  3:06  Zergling x2  
  36  3:08  Drone x3  
  36  3:11  Drone  
  41  3:14  Overlord  
  41  3:19  Drone x2  
  43  3:26  Overlord  
  43  3:27  Evolution Chamber  
  43  3:30  Drone  
  43  3:33  Drone  
  44  3:37  Drone  
  44  3:39  Drone  
  46  3:43  Drone  
  46  3:47  Drone  
  46  3:48  Drone  
  49  3:49  Drone, Extractor  
  49  3:51  Roach Warren  
  48  3:57  Overlord  
  48  4:00  Zergling x2  
  48  4:01  Drone  
  50  4:03  Drone  
  50  4:04  Drone  
  50  4:09  Zerg Ground Armor Level 1  
  52  4:11  Zergling x2  
  52  4:14  Overlord  
  52  4:16  Drone  
  55  4:24  Drone  
  55  4:27  Extractor  
  55  4:28  Drone  
  55  4:30  Overlord  
  54  4:31  Drone  
  54  4:32  Drone  
  54  4:33  Drone x2  
  54  4:35  Lair  
  54  4:36  Drone  
  54  4:37  Drone  
  60  4:39  Drone  
  60  4:42  Roach  
  63  4:46  Roach  
  63  4:47  Roach  
  63  4:49  Drone x2  
  63  4:50  Drone  
  70  4:54  Overlord, Extractor  
  70  4:58  Roach  
  71  5:01  Roach  
  71  5:02  Roach  
  71  5:03  Roach  
  76  5:07  Overlord  
  76  5:08  Roach  
  76  5:10  Roach  
  76  5:13  Overlord  
  80  5:15  Roach  
  80  5:19  Drone x2  
  82  5:21  Drone x2  
  82  5:23  Overlord  
  82  5:25  Drone x2  
  86  5:30  Drone  
  86  5:32  Roach x2  
  86  5:33  Overseer  
  86  5:34  Glial Reconstitution  
  91  5:38  Drone  
  91  5:39  Extractor  
  91  5:41  Drone  
  92  5:44  Overlord  
  92  5:46  Drone  
  92  5:47  Drone  
  92  5:50  Hydralisk Den  
  92  5:51  Drone  
  92  5:55  Roach x3  
  92  5:57  Drone  
  99  5:58  Drone  
  99  6:01  Spore Crawler  
  99  6:02  Drone  
  99  6:04  Zerg Missile Weapons Level 1  
  100  6:06  Drone  
  100  6:07  Drone x3  
  100  6:08  Drone  
  100  6:09  Spore Crawler  
  104  6:12  Spore Crawler  
  104  6:14  Drone  
  104  6:15  Drone  
  104  6:16  Drone, Extractor  
  104  6:17  Drone  
  106  6:18  Drone  
  106  6:22  Hydralisk x2  
  111  6:27  Muscular Augments  
  111  6:30  Hydralisk, Lurker Den  
  112  6:34  Overlord  
  112  6:37  Overlord  
  112  6:39  Drone, Overlord  
  113  6:43  Overlord  
  112  6:47  Infestation Pit  
  112  6:48  Drone, Hydralisk  
  112  6:51  Overlord  
  112  6:53  Hydralisk x2  
  117  6:56  Overlord  
  117  6:57  Hydralisk  
  117  7:00  Roach  
  123  7:01  Roach  
  123  7:04  Roach  
  123  7:05  Roach  
  123  7:07  Overlord  
  127  7:18  Roach x2  
  127  7:20  Overlord  
  127  7:22  Overlord  
  131  7:25  Hive  
  131  7:26  Roach x2  
  131  7:27  Lurker x2  
  131  7:28  Lurker  
  138  7:32  Roach x2  
  138  7:33  Roach  
  144  7:37  Overlord  
  142  7:45  Grooved Spines  
  142  7:49  Lurker  
  143  7:51  Hydralisk x2  
  143  7:53  Overlord  
  143  7:58  Roach x5  
  157  8:01  Overseer  
  157  8:05  Hatchery  
  156  8:07  Hydralisk x2  
  156  8:09  Roach  
  156  8:10  Roach  
  162  8:16  Roach x4  
  162  8:18  Roach  
  162  8:19  Roach  
  163  8:23  Roach  
  163  8:24  Roach  
  159  8:27  Roach x3  
  159  8:28  Roach  
  159  8:32  Roach x2  
  165  8:39  Queen  
  165  8:40  Seismic Spines  
  167  8:43  Hydralisk  
  169  8:50  Roach x4  
  169  8:52  Roach  
  169  8:55  Roach x2  
  183  9:06  Roach x3  
  189  9:16  Spine Crawler  
  188  9:18  Spore Crawler  
  188  9:19  Hydralisk x3  
  188  9:23  Lurker  
  194  9:25  Drone x2  
  194  9:26  Spore Crawler  
  194  9:28  Drone  
  194  9:29  Spine Crawler  
  194  9:30  Spine Crawler  
  194  9:35  Roach x3  
  194  9:37  Adaptive Talons  
  194  9:38  Spine Crawler  
  198  9:43  Roach  
  198  9:44  Roach x2  
  200  9:46  Zerg Missile Weapons Level 2  
  198  10:02  Lurker x2, Hatchery  
  198  10:04  Roach x4  
  193  10:07  Roach  
  193  10:08  Roach  
  193  10:12  Roach x2  
  197  10:15  Roach x2  
  197  10:16  Roach  
  197  10:17  Roach x2  
  195  10:23  Roach x2  
  197  10:37  Unknown  
  197  10:40  Hydralisk x2  
  199  11:00  Roach x4  
  199  11:09  Roach  
  199  11:10  Roach  
  199  11:13  Roach x2  
  199  11:15  Hydralisk  
  199  11:16  Hydralisk x8  
  197  11:18  Roach  
  197  11:19  Roach  
  197  11:20  Roach x3  
  197  11:22  Roach x3  
  197  11:23  Roach x2  
  197  11:25  Roach x2  
  199  11:30  Roach x2  
  199  11:31  Roach  
  193  11:33  Roach x2  
  193  11:34  Roach  
  193  11:36  Roach  
  189  11:41  Roach x3  
  189  11:43  Roach  
  189  11:45  Roach x2  
  197  11:51  Hatchery  
Tags
 
Add a new tag
Caveats
  • Supply blocks, unpowered buildings, or Contaminate may cause inaccurate times.
  • Supply counts are checked every 10 seconds.